 Dungeon Crawl Stone Soup version 0.25-a0-425-g0e000e855e (webtiles) character file.

Game seed: 12100380282871930604, levelgen mode: deterministic

2517 Nattfarinn the Destroyer (level 9, -1/47 HPs)
             Began as a Deep Elf Conjurer on Jan 24, 2020.
             Was a Follower of Sif Muna.
             Slain by an iguana (6 damage)
             ... on level 7 of the Dungeon.
             The game lasted 00:25:41 (9114 turns).

Nattfarinn the Destroyer (Deep Elf Conjurer)        Turns: 9114, Time: 00:25:42

Health: -1/47      AC:  4    Str:  7    XL:     9   Next: 29%
Magic:  15/23      EV: 17    Int: 22    God:    Sif Muna [*.....]
Gold:   410        SH:  0    Dex: 15    Spells: 18/25 levels left

rFire    x . .     SeeInvis +   n - +0 dagger (protect)
rCold    + . .     Gourm    .   (no shield)
rNeg     . . .     Faith    .   a - +0 robe
rPois    .         Spirit   .   (no helmet)
rElec    .         Reflect  .   u - +0 cloak
rCorr    .         Harm     .   z - +0 pair of gloves
MR       .....     Rnd*Rage +   (no boots)
Stlth    ++........             (no amulet)
HPRegen  0.15/turn              o - ring of see invisible
MPRegen  0.18/turn              A - ring of ice

@: no status effects
A: berserk 1
a: Channel Magic, Renounce Religion


You were on level 7 of the Dungeon.
You worshipped Sif Muna.
Sif Muna was aware of your devotion.
You were very hungry.

You visited 2 branches of the dungeon, and saw 9 of its levels.

You collected 410 gold pieces.

Inventory:

Hand Weapons
 n - a +0 dagger of protection (weapon)
Armour
 a - a +0 robe (worn)
 u - a +0 cloak (worn)
 z - a +0 pair of gloves (worn)
Jewellery
 o - a ring of see invisible (left hand)
 A - a ring of ice (right hand)
Wands
 q - a wand of disintegration (12)
 w - a wand of acid (7)
Scrolls
 e - 3 scrolls of amnesia
 f - a scroll of teleportation
 g - 6 scrolls of magic mapping
 j - a scroll of remove curse {unknown}
 k - a scroll of random uselessness
 l - a scroll of blinking {unknown}
 p - a scroll of fog {unknown}
 r - 2 scrolls of immolation
 t - 3 scrolls of fear
 x - a scroll of enchant weapon {unknown}
 y - 2 scrolls of enchant armour {unknown}
 B - a scroll of identify
Potions
 b - a potion of ambrosia
 d - a potion of mutation
 h - 3 potions of lignification
 i - 3 potions of agility
 m - a potion of invisibility {unknown}
 s - 2 potions of brilliance {unknown}
 v - a potion of haste
Comestibles
 c - 18 rations


   Skills:
 * Level 1.0 Fighting
 + Level 7.9 Dodging
 - Level 2.4 Stealth
 - Level 8.6 Spellcasting
 - Level 10.5 Conjurations


You had 18 spell levels left.
You knew the following spells:

 Your Spells              Type           Power        Failure   Level  Hunger
a - Magic Dart            Conj           ####         1%          1    None
b - Searing Ray           Conj           ######       1%          2    None
c - Fulminant Prism       Conj/Hex       ####......   8%          4    ##.....

Your spell library contained the following spells:

 Spells                   Type           Power        Failure   Level  Hunger
 Dazzling Flash           Conj/Hex       ####..       2%          3    None
 Iskenderun's Mystic Bla  Conj/Tloc      ####....     8%          4    ##.....


Dungeon Overview and Level Annotations

Branches:
Dungeon (8/15)             Temple (1/1) D:5
   Lair: D:8-11

Altars:
Ashenzari
Elyvilon
Hepliaklqana
Kikubaaqudgha
Ru
Sif Muna
Uskayaw
Vehumet
Wu Jian
The Shining One


Innate Abilities, Weirdness & Mutations

You tend to lose your temper in combat.


Message History

The iguana is lightly wounded.
The iguana bites you!
Casting: Magic Dart (safe; 1% risk of failure)
Confirm with . or Enter, or press ? or * to list all spells.
Aiming: Magic Dart (safe; 1% risk of failure)
Press: ? - help, Shift-Dir - straight line, f/p - iguana
Aim: an iguana (lightly wounded)
The magic dart hits the iguana.
The iguana is moderately wounded.
The iguana bites you!
* * * LOW HITPOINT WARNING * * *
Casting: Magic Dart (safe; 1% risk of failure)
Confirm with . or Enter, or press ? or * to list all spells.
Aiming: Magic Dart (safe; 1% risk of failure)
Press: ? - help, Shift-Dir - straight line, f/p - iguana
Aim: an iguana (moderately wounded)
The magic dart hits the iguana.
The iguana is heavily wounded.
The iguana bites you.
You die...

....# #.# ##.##
#.## #..# #..# ..##
##.##
..#######..########
..................#
..................#
...............[()#
########........@.#
#.......l..#
#..........#
############


You could see an iguana.

Vanquished Creatures
  Joseph (D:7)
  A hippogriff (D:7)
  A phantom (D:5)
  4 ogres
  A centaur (D:6)
  4 scorpions
  4 crimson imps
  A howler monkey (D:5)
  A centaur zombie (D:6)
  6 orc priests
  5 hounds
  3 jellies
  4 orc wizards
  2 centaur skeletons
  A gnoll shaman (D:5)
  Jessica (D:3)
  2 iguanas
  7 worker ants
  A hound zombie (D:7)
  4 gnolls (D:5)
  A howler monkey skeleton (D:5)
  7 adders
  A shadow imp (D:7)
  An ooze (D:4)
  An adder skeleton (D:4)
  6 worms
  4 dart slugs
  8 leopard geckos
  22 orcs
  9 bats
  6 giant cockroaches
  8 goblins
  4 hobgoblins
  7 jackals
  5 kobolds
  2 quokkas
  2 ball pythons (D:1)
  5 frilled lizards
  A jackal skeleton (D:4)
  A leopard gecko skeleton (D:4)
  8 rats
163 creatures vanquished.

Vanquished Creatures (others)
  2 jackals (D:4)
  A quokka (D:4)
  39 fulminant prisms
42 creatures vanquished.

Grand Total: 205 creatures vanquished

Notes
Turn   | Place    | Note
-------+----------+-------------------------------------------
     0 | D:1      | Nattfarinn the Deep Elf Conjurer began the quest for the
                  | Orb.
     0 | D:1      | Reached XP level 1. HP: 10/10 MP: 6/6
   203 | D:1      | Reached XP level 2. HP: 15/15 MP: 1/8
   974 | D:2      | Reached skill level 5 in Conjurations
   990 | D:2      | Reached XP level 3. HP: 19/19 MP: 6/10
  1511 | D:2      | Found an ancient bone altar of Kikubaaqudgha.
  1754 | D:3      | Noticed Jessica
  1762 | D:3      | Killed Jessica
  1762 | D:3      | Reached XP level 4. HP: 17/24 MP: 2/11
  2126 | D:2      | Learned a level 2 spell: Searing Ray
  2253 | D:3      | Reached XP level 5. HP: 22/28 MP: 1/13
  2400 | D:3      | Learned a level 4 spell: Fulminant Prism
  2718 | D:3      | Reached skill level 6 in Conjurations
  3050 | D:4      | Noticed an ogre
  3269 | D:4      | Found a white marble altar of Elyvilon.
  3575 | D:4      | Reached skill level 5 in Spellcasting
  3575 | D:4      | Reached XP level 6. HP: 29/32 MP: 3/15
  4241 | D:4      | Reached skill level 7 in Conjurations
  4514 | D:5      | Entered Level 5 of the Dungeon
  4518 | D:5      | Reached skill level 5 in Dodging
  4518 | D:5      | Reached XP level 7. HP: 36/36 MP: 6/17
  4640 | D:5      | Found a staircase to the Ecumenical Temple.
  4651 | Temple   | Entered the Ecumenical Temple
  4663 | Temple   | Became a worshipper of Sif Muna the Loreminder
  4712 | D:5      | Gained mutation: You are clumsy. (Dex -2) [potion of
                  | mutation]
  4712 | D:5      | Gained mutation: You tend to lose your temper in combat.
                  | [potion of mutation]
  4712 | D:5      | Lost mutation: You are clumsy. (Dex -2) [potion of
                  | mutation]
  4718 | D:5      | Found a shattered altar of Ashenzari.
  5181 | D:5      | Found a hide-covered altar of Uskayaw.
  5246 | D:5      | Reached skill level 8 in Conjurations
  5901 | D:5      | Reached XP level 8. HP: 29/41 MP: 11/20
  6145 | D:5      | Found an ornate altar of the Wu Jian Council.
  6391 | D:6      | Found a glowing golden altar of the Shining One.
  6472 | D:6      | Reached * piety under Sif Muna
  6495 | D:6      | Reached skill level 9 in Conjurations
  7060 | D:6      | Found a sacrificial altar of Ru.
  7248 | D:7      | Noticed Joseph
  7499 | D:7      | Killed Joseph
  7499 | D:7      | Reached skill level 10 in Conjurations
  7514 | D:7      | Reached XP level 9. HP: 14/45 MP: 1/23
  9110 | D:7      | Reached skill level 1 in Fighting
  9114 | D:7      | Slain by an iguana

Levels and vault maps discovered:
D:1:      lightli_arrival_farm, layout_basic
D:2:      layout_loops_ring, kiku_gazebo_pond_becter
D:3:      layout_basic, uniq_jessica
D:4:      minmay_door_path, layout_basic, elyvilon_altar_4
D:5:      layout_loops_ring, lemuel_doored_altar, minitemple,
          minmay_temple_entry_overgrown, first_ration
D:6:      layout_rooms, nicolae_tso_carved_into_rock,
          nicolae_overflow_crystal_walls
D:7:      layout_rooms, grunt_ogre_cave, uniq_joseph
D:8:      layout_loops_ring, okawaru_ov_weapons_minmay, makhleb_grotto_becter,
          nicolae_dithmenos_shadow_blocks, nicolae_gozag_seed_capital,
          slow_altar_1, serial_shops, shop, uniq_maggie, uniq_pikel
Temple:   compressed_dpeg_triangle_lava_temple

Skill      XL: |  1  2  3  4  5  6  7  8  9 |
---------------+----------------------------+-----
Conjurations   | 5 6 7 8 10 | 10.5
Dodging        | 3 4 5 6 7 |  7.9
Spellcasting   | 4 5 6 8 |  8.6
Fighting       | 1 |  1.0
Stealth        | |  2.4

Action                   |  1- 3 |  4- 6 |  7- 9 || total
-------------------------+-------+-------+-------++-------
Melee: Unarmed           |       |     1 |       ||     1
       Dagger            |       |     8 |    49 ||    57
 Cast: Magic Dart        |    75 |   151 |   227 ||   453
       Fulminant Prism   |       |     8 |    32 ||    40
  Use: Potion            |       |     1 |     4 ||     5
       Scroll            |       |       |    10 ||    10
  Eat: Chunk             |     2 |    10 |    10 ||    22
       Ration            |       |       |     2 ||     2
Armor: Robe              |     1 |     7 |    37 ||    45
       Skin              |       |       |     5 ||     5
Dodge: Dodged            |     5 |    40 |   106 ||   151

Table legend:
 A = Non-vault XP
 B = Vault XP
 C = Vault XP percentage of total XP
 D = Non-vault monster count
 E = Vault monster count
 F = Vault count percentage of total count
                 A         B        C        D         E       F
            +---------+---------+-------+---------+---------+-------
      Total |    2951 |     646 |  18.0 |     158 |       4 |   2.5
            +---------+---------+-------+---------+---------+-------
        D:1 |      37 |       0 |   0.0 |      23 |       0 |   0.0
        D:2 |      31 |       0 |   0.0 |      13 |       0 |   0.0
        D:3 |     139 |      37 |  21.0 |      27 |       1 |   3.6
        D:4 |     449 |      34 |   7.0 |      26 |       1 |   3.7
        D:5 |     813 |       0 |   0.0 |      26 |       0 |   0.0
        D:6 |     680 |       0 |   0.0 |      21 |       0 |   0.0
        D:7 |     733 |     575 |  44.0 |      20 |       2 |   9.1
        D:8 |      69 |       0 |   0.0 |       2 |       0 |   0.0
            +---------+---------+-------+---------+---------+-------
